 Dungeon Crawl Stone Soup version 0.29-a0-371-g91724d5b39 (webtiles) character file.

Game seed: 15620354942166543070

82 Antichthon the Covered (level 4, 0/29 HPs)
             Began as a Gargoyle Fighter on May 2, 2022.
             Slain by an iron imp (7 damage)
             ... summoned by Natasha
             ... on level 2 of the Dungeon.
             The game lasted 00:02:06 (2316 turns).

Antichthon the Covered (Gargoyle Fighter)           Turns: 2316, Time: 00:02:07

Health: 0/29       AC: 16    Str: 20    XL:     4   Next: 43%
Magic:  4/4        EV:  7    Int: 10    God:
Gold:   153        SH:  4    Dex:  9    Spells: 3/3 levels left

rFire   . . .      SeeInvis .   a - +0 flail
rCold   . . .      Faith    .   c - +0 buckler
rNeg    + + .      Spirit   .   h - +0 chain mail
rPois   ∞          Reflect  .   j - +0 helmet
rElec   +          Harm     .   f - +1 cloak
rCorr   .          Rampage  .   (no gloves)
Will    .....                   (no boots)
Stlth   ..........              (no amulet)
HPRegen 0.09/turn               e - ring of positive energy
MPRegen 0.09/turn               (no ring)

@: slowed, very slow
A: sickness immunity, AC +3, negative energy resistance 1, electricity
resistance, torment resistance 1, petrification resistance
a: no special abilities


You were on level 2 of the Dungeon.
You visited 1 branch of the dungeon, and saw 2 of its levels.

You collected 153 gold pieces.

Inventory:

Hand Weapons
 a - a +0 flail (weapon)
 k - a +1 hunting sling of freezing
Armour
 c - a +0 buckler (worn)
 f - a +1 cloak (worn)
 h - a +0 chain mail (worn)
 j - a +0 helmet (worn)
Jewellery
 e - a ring of positive energy (left hand)
Scrolls
 l - a scroll of identify
Potions
 b - a potion of resistance
 d - a potion of might
 g - 2 potions of curing {unknown}
 i - a potion of attraction {unknown}


   Skills:
 * Level 3.7 Fighting
 * Level 3.1 Maces & Flails
 * Level 3.7 Armour
 * Level 0.7 Dodging
 * Level 3.6 Shields
 * Level 0.9 Invocations


You had 3 spell levels left.
You didn't know any spells.
Your spell library contained the following spells:

 Spells                   Type           Power      Damage    Failure   Level
 Slow                     Hex            0%         N/A       99%         1
 Wereblood                Tmut           0%         N/A       100%        2
 Confusing Touch          Hex            0%         N/A       100%        3
 Vampiric Draining        Necr           0%         2d6       100%        3
 Summon Hydra             Summ           0%         N/A       100%        7
 Sublimation of Blood     Necr           Unusable   N/A       N/A         2

Dungeon Overview and Level Annotations

Branches:
Dungeon (2/15)

Altars:

Annotations:
D:2 Natasha


Innate Abilities, Weirdness & Mutations

You are immune to sickness and miasma.
Your stone body is resilient. (AC +3)
You are immune to poison.
You resist negative energy. (rN+)
You are resistant to electric shocks. (rElec)
You are resistant to unholy torment.
You are immune to petrification.


Message History

You see here a frilled lizard corpse.
You see here a frilled lizard corpse.
g - 2 white potions (gained 1)
You see here a frilled lizard corpse.
There is an open door here.
You see here a +0 whip.
Natasha, Servant of Life and Death comes into view.
Natasha is nearby!
Natasha hisses angrily.
Natasha casts a spell at you.
You feel yourself slow down.
Natasha drinks a potion.
Natasha seems to grow stronger.
Natasha claws you but does no damage.
Natasha wildly gestures.
Natasha's front paws start to glow.
Natasha claws you.
You closely miss Natasha.
Natasha casts a spell.
Natasha stares at you and mumbles some strange words.
The magic dart hits you.
You barely miss Natasha. Natasha claws you.
The iron imp hits you but does no damage.
Natasha claws you!
You closely miss Natasha. Natasha claws you but does no damage.
The iron imp hits you but does no damage.
Natasha claws you but does no damage.
You hit Natasha.
Natasha is moderately wounded.
The iron imp hits you but does no damage.
Natasha casts a spell at you.
The magic dart hits you but does no damage.
The iron imp hits you but does no damage.
Natasha claws you.
You sock Natasha!
Natasha is almost dead.
The iron imp hits you but does no damage.
Natasha claws you.
* * * LOW HITPOINT WARNING * * *
The iron imp hits you!
You die...

############ #.# #.#.
#..........# #.# #.#. ###
#.########.#####.# #... ..#
#.#.^............# #.## (.#
#.#.####...####..# ##.##
#########.#.####...## #..# #....
...>................# #..# #..##
........#.#.####....###..# #..##
...............h@5...##..####..##
..#.(..........................>.
......#.#.#.####...#..#..........
..#.....#.#.#####..##.#.#........
..#.#.#.#.#...)....##.#.###.###.#
.†#.#...#.#######.###............
..#.###.#.# #.####.###.####.#
..#.....#.# #...............#
........#.# ####....##.####.#


You could see an iron imp (summoned) and Natasha (strong).

Vanquished Creatures
  Natasha (D:2)
  Robin (D:2)
  A bat (D:1)
  3 endoplasms
  2 giant cockroaches (D:2)
  11 goblins
  5 hobgoblins (D:2)
  4 quokkas
  3 ball pythons
  3 frilled lizards
  6 kobolds
  5 rats
45 creatures vanquished.

Notes
Turn   | Place    | Note
-------+----------+-------------------------------------------
     0 | D:1      | Antichthon the Gargoyle Fighter began the quest for the
                  | Orb.
     0 | D:1      | Reached XP level 1. HP: 14/14 MP: 1/1
   281 | D:1      | Reached XP level 2. HP: 19/19 MP: 2/2
  1124 | D:1      | Found a faded altar of an unknown god.
  1391 | D:2      | Reached XP level 3. HP: 23/23 MP: 3/3
  1424 | D:2      | Noticed Robin
  1443 | D:2      | Killed Robin
  1626 | D:2      | Noticed Natasha
  1642 | D:2      | Killed Natasha
  1643 | D:2      | Reached XP level 4. HP: 23/29 MP: 4/4
  2307 | D:2      | Noticed Natasha
  2316 | D:2      | Slain by an iron imp

Illustrated notes

Levels and vault maps discovered:
D:1:      dpeg_arrival_rhombus, layout_loops_ring,
          chequers_ecumenical_altar_lobes
D:2:      layout_basic, nicolae_elevator_lobby_asterisk, uniq_natasha,
          uniq_robin

Skill      XL: |  1  2  3 |
---------------+----------+-----
Maces & Flails | 3 |  3.1
Fighting       | |  3.7
Armour         | |  3.7
Dodging        | |  0.7
Shields        | |  3.6
Invocations    | |  0.9

Action                   |  1- 3 |  4- 6 || total
-------------------------+-------+-------++-------
Melee: Flail             |   115 |    32 ||   147
  Use: Scroll            |     1 |     1 ||     2
Armor: Scale mail        |     7 |       ||     7
       Chain mail        |    76 |    25 ||   101
Dodge: Dodged            |    45 |    11 ||    56
Block: Buckler           |    32 |     5 ||    37

Table legend: (Time is in decaauts)
 A = Elapsed time spent in this place.
 B = Non-inter-level travel time spent in this place.
 C = Inter-level travel time spent in this place.
 D = Time resting spent in this place.
 E = Time spent auto-exploring this place.
 F = Levels seen in this place.
 G = Mean time per level.
                   A        B        C        D        E       F      G
               +--------+--------+--------+--------+--------+-----+--------+
         Total |   2365 |   2329 |     36 |      0 |   1928 |   2 | 1182.5 |
       Dungeon |   2365 |   2329 |     36 |      0 |   1928 |   2 | 1182.5 |
               +--------+--------+--------+--------+--------+-----+--------+

Top non-repeatable levels by time:
     D:1: 1199 daAuts
     D:2: 1166 daAuts
